Map: Winter Madness LE

Players

SZNightMare (NightMare)

  • Race: Protoss Protoss
  • League: Master
  • Spawn Location: 5:00

ratgameplay (uThermal) - Winner!

  • Race: Terran Terran
  • League: Master
  • Spawn Location: 11:00

VOD

Have the link to the VOD?

Description

Time

  • Played on: Jan. 30, 2026, 7:07 a.m.
  • Length: 5:39
Show
View Real Time Build Order
Export as new Build Order

SZNightMare Protoss 

Build Orders: 1 Gate Expand 

Get SALT Encoding   

  12  0:00  Probe  
  13  0:12  Probe  
  14  0:20  Pylon  
  14  0:24  Probe  
  15  0:36  Probe  
  15  0:41  Gateway  
  16  0:44  Probe  
  17  0:50  Assimilator  
  17  0:52  Probe  
  18  1:04  Probe  
  19  1:16  Probe  
  20  1:31  Cybernetics Core  
  20  1:43  Nexus  
  20  1:45  Zealot  
  22  1:52  Pylon  
  22  1:56  Probe  
  22  2:00  Stalker  
  23  2:02  Assimilator  
  23  2:14  Probe  
  26  2:18  Stalker  
  26  2:20  Shield Battery  
  26  2:34  Shield Battery  
  28  2:39  Probe  
  28  2:43  Stalker  
  29  2:47  Warp Gate  
  31  2:55  Probe  
  32  3:01  Stalker  
  30  3:13  Gateway  
  30  3:19  Stalker  
  30  3:20  Gateway  
  34  3:36  Shield Battery  
  32  3:46  Stalker  
  32  3:47  Robotics Facility  
  32  4:08  Stalker x2  
  31  4:18  Probe x2  
  33  4:48  Sentry  
  31  4:57  Sentry, Stalker  
  33  5:13  Stalker  
  24  5:22  Stalker x2  
Show
View Real Time Build Order
Export as new Build Order

ratgameplay Terran - Winner!

Build Orders: Liberator Opening 

Get SALT Encoding   

  12  0:00  SCV  
  13  0:12  SCV  
  14  0:17  Supply Depot  
  14  0:24  SCV  
  15  0:39  SCV  
  15  0:41  Barracks  
  16  0:45  Refinery  
  16  0:51  SCV  
  16  0:55  Refinery  
  17  1:03  SCV  
  18  1:15  SCV  
  19  1:29  Barracks Tech Lab, Orbital Command  
  19  1:38  Factory  
  19  1:48  Marauder  
  21  2:00  Supply Depot, Concussive Shells  
  21  2:09  Marauder  
  23  2:22  SCV, Hellion  
  26  2:30  Marauder  
  26  2:34  Starport  
  26  2:35  SCV  
  29  2:44  Supply Depot  
  29  2:45  Hellion  
  31  3:05  SCV  
  31  3:06  Marauder  
  31  3:12  Medivac  
  34  3:15  Hellion  
  34  3:17  Supply Depot  
  36  3:25  SCV  
  37  3:27  Marauder  
  39  3:39  Hellion  
  41  3:42  Liberator  
  44  3:50  Supply Depot, SCV  
  45  4:00  Hellion  
  45  4:12  Marauder  
  47  4:22  Hellion  
  49  4:25  SCV  
  49  4:26  Liberator, Supply Depot  
  53  4:33  Marauder  
  48  4:55  Marauder  
  50  5:05  Hellion  
  47  5:16  Marauder  
  45  5:34  Command Center  
Tags
 
Add a new tag
Caveats
  • Supply blocks, unpowered buildings, or Contaminate may cause inaccurate times.
  • Supply counts are checked every 10 seconds.